 Dungeon Crawl Stone Soup version 0.30.0-5-g1a98f26d00 (webtiles) character file.

Game seed: 809215637136002658

29 monsoonserge the Trooper (level 3, 33/33 HPs)
             Began as a Minotaur Fighter on May 9, 2023.
             Was a Follower of Vehumet.
             Got out of the dungeon alive.
             The game lasted 00:01:58 (521 turns).

monsoonserge the Trooper (Minotaur Fighter)          Turns: 521, Time: 00:01:58

Health: 33/33      AC:  7    Str: 22    XL:     3   Next: 1%
Magic:  2/2        EV:  9    Int:  5    God:    Vehumet [*.....]
Gold:   30         SH:  4    Dex:  9    Spells: 2/2 levels left

rFire   . . .        a - +0 war axe
rCold   . . .        c - +0 buckler
rNeg    . . .        b - +0 scale mail
rPois   .            (helmet restricted)
rElec   .            (no cloak)
rCorr   +            (no gloves)
SInv    .            (no boots)
Will    +....        (no amulet) Stlth
                     h - ring of resist corrosion
HPRegen 0.25/turn    m - ring of willpower
MPRegen 0.08/turn

%: no passive effects
@: no status effects
A: horns 2, retaliatory headbutt
a: Renounce Religion


You escaped.
You worshipped Vehumet.
Vehumet was aware of your devotion.
You visited 1 branch of the dungeon, and saw 1 of its levels.

You collected 30 gold pieces.

Inventory:

Hand Weapons
 a - a +0 war axe (weapon)
Missiles
 g - 7 boomerangs (quivered)
 n - 4 stones
Armour
 b - a +0 scale mail (worn)
 c - a +0 buckler (worn)
Jewellery
 h - a ring of resist corrosion (left hand)
 m - a ring of willpower (right hand)
Scrolls
 f - a scroll of enchant weapon {unknown}
 i - a scroll of fog {unknown}
 j - a scroll of identify {unknown}
 l - a scroll of fear {unknown}
Potions
 d - a potion of might
 e - a potion of curing {unknown}
 k - a potion of heal wounds {unknown}


   Skills:
 + Level 4.2 Fighting
 + Level 3.0 Axes
 + Level 4.0 Armour
 + Level 0.1 Dodging
 - Level 4.0 Shields


You had 2 spell levels left.
You didn't know any spells.
Your spell library contained the following spells:

 Spells                   Type           Power      Damage    Failure   Level
 Kiss of Death            Conj/Necr      0%         2d5       86%         1
 Blink                    Tloc           0%         N/A       94%         2
 Lesser Beckoning         Tloc           0%         N/A       94%         2
 Momentum Strike          Conj/Tloc      0%         3d8       94%         2


Dungeon Overview and Level Annotations

Branches:
Dungeon (1/15)

Altars:
Vehumet


Innate Abilities, Weirdness & Mutations

You have a pair of horns on your head.
You reflexively headbutt those who attack you in melee.


Message History

You slash the hobgoblin!
You kill the hobgoblin!
You barely miss the hobgoblin.
The hobgoblin hits you but does no damage.
Your Axes skill increases to level 3!
You closely miss the hobgoblin.
The hobgoblin hits you but does no damage.
You slash the hobgoblin!
You kill the hobgoblin!
Training target 4.0 for Shields reached!
Your Shields skill increases to level 4!
You have reached level 3!
Your experience leads to an increase in your attributes!
Increase (S)trength, (I)ntelligence, or (D)exterity?
You feel stronger. x2
You see here a quokka skeleton.
Found 4 boomerangs.
There is a faded altar of an unknown god here.
A rat comes into view.
Found 3 gold pieces.
The rat bites you but does no damage.
You slash the rat!
You kill the rat!
Your Armour skill increases to level 4!
g - 7 boomerangs (gained 4)
There are no items here.
You now have 30 gold pieces (gained 3).
There are no items here.
There is a faded altar of an unknown god here.
This altar belongs to (a) Okawaru, (b) Ignis or (c) Vehumet, but you can't tell which.
Press the corresponding letter to learn more about a god, or press enter to convert or escape to cancel.
Okay, then.
This altar belongs to (a) Okawaru, (b) Ignis or (c) Vehumet, but you can't tell which.
Press the corresponding letter to learn more about a god, or press enter to convert or escape to cancel.
Vehumet accepts your prayer! Vehumet welcomes you!
You can now gain magical power from killing.
Vehumet offers you knowledge of Kiss of Death.
There is an escape hatch in the floor here.
There is a staircase leading out of the dungeon here.
Are you sure you want to leave the Dungeon?
This will make you lose the game!
You have escaped!

...##############.......#
#...... ...#
#..............# #......
...### #..#######.....#
#...... .....#
#..#######.....# #......
.....# ##.............#
#...... .....####
#.########....# #......
........# #.#......#....#
#...... ........#
#.#.####.###### #......
........# #.#.#.@#.#
#...... ........#
#.#....#.# #......
####....# #.######.#
#......
#....###........##
#......
#....##..######..#
#......
#....##..######..#
#......
#.....#..........#
#######
#.............####
#....##########


There were no monsters in sight!

Vanquished Creatures
  3 endoplasms (D:1)
  3 goblins (D:1)
  5 hobgoblins (D:1)
  3 quokkas (D:1)
  4 ball pythons (D:1)
  A bat (D:1)
  3 frilled lizards (D:1)
  A kobold (D:1)
  3 rats (D:1)
26 creatures vanquished.

Notes
Turn   | Place    | Note
-------+----------+-------------------------------------------
     0 | D:1      | monsoonserge the Minotaur Fighter began the quest for the
                  | Orb.
     0 | D:1      | Reached XP level 1. HP: 19/19 MP: 0/0
    43 | D:1      | Found a faded altar of an unknown god.
    62 | D:1      | Reached XP level 2. HP: 23/27 MP: 1/1
   446 | D:1      | Reached XP level 3. HP: 33/33 MP: 2/2
   479 | D:1      | Prayed at the altar of an unknown god.
   479 | D:1      | Became a worshipper of Vehumet
   479 | D:1      | Reached * piety under Vehumet
   479 | D:1      | Offered knowledge of Kiss of Death by Vehumet.
   521 | D:$      | Got out of the dungeon alive.

Illustrated notes

Levels and vault maps discovered:
D:1:      zelgadis_glass_arrival_small, layout_basic,
          shapermc_ecumenical_altar_venn, hangedman_feature_mirror,
          solitary_fountain

Skill      XL: |  1  2  3 |
---------------+----------+-----
Fighting       | 4 |  4.2
Axes           | 3 |  3.0
Shields        | 4 |  4.0
Armour         | 4 |  4.0
Dodging        | |  0.1

Action                     || total
---------------------------++-------
  Melee: War axe           ||    38
         Headbutt          ||     1
 Armour: Scale mail        ||    19
  Dodge: Dodged            ||    14
  Block: Buckler           ||    12
